 Dungeon Crawl Stone Soup version 0.29-a0-380-gf50f0a9fbc (webtiles) character file.

Game seed: 14190096431231780827

186557 Antichthon the Warrior (level 18, -1/149 HPs)
             Began as a Formicid Abyssal Knight on May 5, 2022.
             Was an Elder of Lugonu.
             Slain by an Executioner (19 damage)
             ... summoned by Asterion
             ... on level 3 of the Lair of Beasts on May 6, 2022.
             The game lasted 02:40:36 (48538 turns).

Antichthon the Warrior (Formicid Abyssal Knight)   Turns: 48538, Time: 02:40:38

Health: -1/149     AC: 25    Str: 18    XL:     18   Next: 70%
Magic:  26/26      EV: 14    Int: 21    God:    Lugonu [****..]
Gold:   1691       SH: 26    Dex: 17    Spells: 17/17 levels left

rFire   + + +      SeeInvis +   b - +9 executioner's axe of Wakkiplas {freeze, rN+}
rCold   + . .      Faith    .   U - +2 tower shield
rNeg    + . .      Spirit   .   h - +8 ring mail of the Disturbing Spirits {rElec Will++}
rPois   +          Reflect  +   (helmet unavailable)
rElec   +          Harm     .   f - +2 cloak
rCorr   .          Rampage  .   D - +2 pair of gloves
Will    ++...                   p - +2 pair of boots
Stlth   +++++.....              I - amulet "Fyiwuw" {Reflect rF+ Int+3 SH+5}
HPRegen 0.34/turn               J - ring of Dirchom {rPois rF+ Will- Str+3 Int+6}
MPRegen 0.20/turn               M - ring "Zougyus" {Fly rF+ rC+ Str-3 SInv}

@: flying, studying Fighting
A: permanent stasis, dig shafts and tunnels, antennae 3, four strong arms, sense
surroundings 1
}: 1/15 runes: barnacled
a: Dig, Shaft Self, Renounce Religion, Depart the Abyss, Bend Space, Banish,
Corrupt


You were on level 3 of the Lair of Beasts.
You worshipped Lugonu.
Lugonu was greatly pleased with you.
You visited 5 branches of the dungeon, and saw 27 of its levels.
You visited the Abyss 3 times.
You also visited: Bailey and Ice Cave.

You collected 4229 gold pieces.
You spent 2538 gold pieces at shops.

Inventory:

Hand Weapons
 a - a +6 triple crossbow of freezing
 b - the +9 executioner's axe of Wakkiplas (weapon) {freeze, rN+}
   (You acquired it on level 10 of the Dungeon)

   It freezes those it strikes, dealing additional cold damage.
   It can also slow down cold-blooded creatures.
   rN:        It protects you from negative energy.
 c - a +4 morningstar of protection
Missiles
 j - a throwing net
Armour
 f - a +2 cloak (worn)
 h - the +8 ring mail of the Disturbing Spirits (worn) {rElec Will++}
   (You took it off a gnoll sergeant on level 6 of the Dungeon)

   rElec:     It insulates you from electricity.
   Will:      It greatly increases your willpower.
 p - a +2 pair of boots (worn)
 D - a +2 pair of gloves (worn)
 U - a +2 tower shield (worn)
Jewellery
 k - a ring of resist corrosion
 y - a ring of positive energy
 z - a ring of willpower
 I - the amulet "Fyiwuw" (around neck) {Reflect rF+ Int+3 SH+5}
   (You acquired it on level 10 of the Dungeon)

   [amulet of reflection]

   It reflects blocked missile attacks.
   Int:       It affects your intelligence (+3).
   rF:        It protects you from fire.
   SH:        It affects your SH (+5).
 J - the ring of Dirchom (left hand) {rPois rF+ Will- Str+3 Int+6}
   (You acquired it on level 4 of the Lair of Beasts)

   [ring of poison resistance]

   Str:       It affects your strength (+3).
   Int:       It affects your intelligence (+6).
   rF:        It protects you from fire.
   rPois:     It protects you from poison.
   Will:      It decreases your willpower.
 L - a ring of positive energy
 M - the ring "Zougyus" (right hand) {Fly rF+ rC+ Str-3 SInv}
   (You acquired it on level 10 of the Dungeon)

   [ring of protection from fire]

   Str:       It affects your strength (-3).
   rF:        It protects you from fire.
   rC:        It protects you from cold.
   SInv:      It lets you see invisible.
   Fly:       It grants you flight.
 N - a ring of ice
 Q - an amulet of faith
Wands
 d - a wand of paralysis (25)
 v - a wand of acid (23)
 x - a wand of flame (55)
 A - a wand of charming (12)
 B - a wand of iceblast (28)
 C - a wand of digging (13)
 S - a wand of mindburst (7)
Scrolls
 g - a scroll of summoning
 m - 3 scrolls of silence
 q - 5 scrolls of fog
 t - 6 scrolls of fear
 w - 16 scrolls of identify
 E - 4 scrolls of enchant armour
 H - 2 scrolls of magic mapping
 K - 3 scrolls of poison
 O - 7 scrolls of vulnerability
 P - 2 scrolls of amnesia
Potions
 e - 8 potions of invisibility
 i - 9 potions of lignification
 l - 6 potions of might
 n - 2 potions of ambrosia
 r - 6 potions of curing
 s - 4 potions of magic
 u - 3 potions of resistance
 F - 4 potions of brilliance
 G - 3 potions of attraction
Miscellaneous
 o - a condenser vane
 R - a phial of floods


   Skills:
 * Level 15.1 Fighting
 - Level 8.0 Long Blades
 * Level 13.5 Axes
 * Level 12.4 Crossbows
 * Level 10.7 Armour
 * Level 8.6 Dodging
 * Level 12.4 Stealth
 * Level 14.1 Shields
 * Level 11.4 Invocations
 * Level 10.6 Evocations


You had 17 spell levels left.
You didn't know any spells.
Your spell library contained the following spells:

 Spells                   Type           Power      Damage    Failure   Level
 Beastly Appendage        Tmut           0%         N/A       63%         1
 Magic Dart               Conj           0%         1d3       63%         1
 Shock                    Conj/Air       0%         1d3       63%         1
 Sting                    Tmut/Pois      0%         1d3       63%         1
 Summon Small Mammal      Summ           0%         N/A       63%         1
 Corpse Rot               Necr/Air       0%         N/A       77%         2
 Sublimation of Blood     Necr           0%         N/A       77%         2
 Wereblood                Tmut           0%         N/A       77%         2
 Call Canine Familiar     Summ           0%         N/A       94%         3
 Conjure Flame            Conj/Fire      0%         6-21      94%         3
 Ignite Poison            Fire/Tmut/Pois 0%         N/A       94%         3
 Lesser Beckoning         Tloc           0%         N/A       94%         3
 Portal Projectile        Hex/Tloc       0%         N/A       94%         3
 Spider Form              Tmut/Pois      0%         N/A       94%         3
 Stone Arrow              Conj/Erth      0%         3d7       94%         3
 Summon Guardian Golem    Hex/Summ       0%         N/A       94%         3
 Animate Armour           Summ/Erth      0%         N/A       100%        4
 Dispel Undead            Necr           0%         3d6       100%        4
 Leda's Liquefaction      Hex/Erth       0%         N/A       100%        4
 Olgreb's Toxic Radiance  Pois           0%         N/A       100%        4
 Petrify                  Tmut/Erth      0%         N/A       100%        4
 Summon Lightning Spire   Summ/Air       0%         N/A       100%        4
 Irradiate                Conj/Tmut      0%         3d13      100%        5
 Iskenderun's Battlesphe  Conj           0%         2d6       100%        5
 Manifold Assault         Tloc           0%         N/A       100%        5
 Death Channel            Necr           0%         N/A       100%        6
 Ozocubu's Refrigeration  Ice            0%         4d5       100%        7
 Storm Form               Tmut/Air       0%         N/A       100%        7
 Ignition                 Fire           0%         3d3       100%        8
 Lehudib's Crystal Spear  Conj/Erth      0%         10d2      100%        8
 Maxwell's Capacitive Co  Air            0%         ∞         100%        8
 Fire Storm               Conj/Fire      0%         5d1       100%        9
 Blink                    Tloc           Unusable   N/A       N/A         2

Dungeon Overview and Level Annotations

Branches:
Dungeon (14/15)            Temple (0/1) D:5            Lair (6/6) D:8
 Shoals (4/4) Lair:4        Snake (1/4) Lair:3        Slime (0/5) Lair:5
    Orc (2/2) D:12            Elf (0/3) Orc:2        Vaults (0/5) D:13
 Bailey (visited)           IceCv (visited)

Altars:
Ashenzari
Cheibriados
Wu Jian
Xom
Yredelemnul
The Shining One
Beogh

Shops:
D:2 !   D:4 (*!(*   D:7 ?   D:9 [   D:10 *((   Orc:2 (=   Shoals:3 (

Annotations:
D:9 exclusion: orange crystal statue
Lair:3 Asterion
Orc:1 2 transporters, Lepuefeh's ghost, journeyman MiBe
Orc:2 Saint Roka


Innate Abilities, Weirdness & Mutations

You cannot be hasted, slowed, berserked, paralysed or teleported.
You can dig through walls and to a lower floor.
You have a pair of large antennae on your head. (SInv)
Your four strong arms can wield two-handed weapons with a shield.
You passively map a small area around you.


Message History

You writhe in agony.
Asterion gores you.
The Executioner hits you but does no damage. x3
Asterion barely misses you. Asterion gores you!
You block the Executioner's attack. The Executioner barely misses you.
The Executioner hits you but does no damage.
You hit Asterion. You freeze Asterion.
Asterion is severely wounded.
You slash the Executioner! You freeze the Executioner.
The Executioner hits you but does no damage.
The Executioner barely misses you. You block the Executioner's attack.
The Executioner closely misses you. You block the Executioner's attack. x2
Asterion hits you with a +1 demon whip of pain!!
* * * LOW HITPOINT WARNING * * *
You writhe in agony.
* * * LOW HITPOINT WARNING * * *
Asterion closely misses you. You block the Executioner's attack. x3
Asterion hits you with a +1 demon whip of pain!
* * * LOW HITPOINT WARNING * * *
You writhe in agony.
* * * LOW HITPOINT WARNING * * *
Asterion gores you but does no damage. The Executioner misses you.
The Executioner hits you but does no damage.
You block the Executioner's attack.
Unknown command.
Press: ? - help, v - describe, . - travel
Here: Asterion, wielding a +1 demon whip of pain, wearing a +2 ring mail of fire resistance and wearing a +0 kite shield (severely wounded, fast)
The floor, spattered with blood.
Unknown command.
Unknown command.
Press: ? - help, v - describe, . - travel
Here: an Executioner (heavily wounded, summoned, fast)
The floor.
Unknown command.
Asterion blocks your attack.
Asterion is severely wounded.
You closely miss the Executioner. You block the Executioner's attack.
The Executioner hits you.
* * * LOW HITPOINT WARNING * * *
You block the Executioner's attack. The Executioner hits you!!
You die...

.....P............PP##..........#
.................PP.###........##
....................####.......#
.....................###....†..#
#..##.......###...###.#......###
..#####.....#.......#....#..##
### #....[#.......#.....### #####
##.......1H..........# ##..#
###......@.....P...## ##..##
##...............## #....###
###.......#.##...# ##.....##
#.......#..#..## ###....##
###...###......# #.....## ##..#
#...P.P# ###.##...######..#
##.....### #..##.......#...##
#......#.#### ##.....##........#
###.........#


You could see Asterion (fast) and an Executioner (summoned, fast).

Vanquished Creatures
  Jorgrun (Orc:1)
  Mlioglotl (Shoals:3)
  Polyphemus (Shoals:4)
  2 krakens
  Ilsuiw (Shoals:3)
  Kirke (Shoals:4)
  Aizul (Shoals:3)
  Snorg (D:14)
  6 merfolk impalers
  A fire dragon (Lair:6)
  5 merfolk javelineers
  Harold (D:9)
  2 ogre magi
  Erica (Lair:2)
  4 merfolk avatars
  9 hydras
  3 boulder beetles
  4 catoblepae
  A centaur warrior (D:14)
  5 alligator snapping turtles
  16 death yaks
  6 satyrs
  3 merfolk aquamancers (Shoals:3)
  8 two-headed ogres
  3 orc high priests (Orc:2)
  A shock serpent (Lair:3)
  A tengu warrior (D:14)
  Sonja (Lair:1)
  A large abomination (Abyss:1)
  A skeletal warrior (D:13)
  17 sea snakes
  A swamp dragon (Lair:6)
  A lindwurm (Lair:6)
  4 orc knights
  2 ugly things
  9 cyclopes
  5 oklob plants
  3 orc sorcerers
  21 manticores
  18 fauns
  A mana viper (Lair:3)
  8 black mambas
  12 elephants
  14 merfolk sirens
  5 water nymphs
  2 gargoyles (D:13)
  2 ice statues (IceCv)
  4 centaur skeletons (D:13)
  7 torpor snails
  8 cane toads
  12 rime drakes
  2 efreet
  2 yaktaurs (D:13)
  A kobold demonologist (D:11)
  Psyche (D:9)
  4 entropy weaver simulacra (IceCv)
  An anaconda simulacrum (IceCv)
  16 komodo dragons
  A freezing wraith (D:14)
  7 ice devils (IceCv)
  3 meliai (Lair:4)
  A queen bee (Lair:4)
  25 merfolk
  7 trolls
  8 wind drakes
  Prince Ribbit (D:6)
  A hornet (Orc:1)
  A tarantella (shapeshifter) (D:13)
  19 blink frogs
  7 snapping turtles
  9 dream sheep
  A vampire (D:11)
  3 wraiths
  4 dire elephant simulacra (IceCv)
  10 water elementals
  7 wyverns
  47 yaks
  4 hogs (Shoals:4)
  Eustachio (D:5)
  5 steam dragons
  7 basilisks (Lair:6)
  A small abomination (Abyss:1)
  4 vampire mosquitoes (D:13)
  A harpy simulacrum (IceCv)
  2 wargs (Orc:1)
  3 nagas
  Duvessa (D:6)
  5 acid dragons
  17 water moccasins
  2 floating eyes (Orc:1)
  4 swamp drakes
  A black bear (D:4)
  36 orc warriors
  An ice beast (D:6)
  7 ogres
  23 wolves
  6 centaurs
  2 phantoms
  A kobold brigand (D:9)
  3 necrophages
  10 bullfrogs
  3 gnoll sergeants (D:6)
  9 scorpions
  A cane toad simulacrum (IceCv)
  7 wights
  Dowan (D:6)
  39 killer bees
  The ghost of jlumianski the Skirmisher, a weakling DsFi (D:6)
  3 electric eels (Lair:2)
  12 howler monkeys
  5 hounds
  2 jellies
  Crazy Yiuf (D:2)
  27 orc priests
  5 gnoll shamans
  8 iguanas
  A troll simulacrum (IceCv)
  31 orc wizards
  8 hell rats
  A spriggan simulacrum (IceCv)
  A wolf simulacrum (IceCv)
  A mummy (D:8)
  45 gnolls
  13 adders
  7 river rats
  2 shadow imps (D:6)
  A white imp (Abyss:1)
  2 ufetubi
  2 worms
  A dart slug (D:1)
  133 orcs
  6 bats
  7 endoplasms
  6 giant cockroaches
  6 goblins
  10 hobgoblins
  11 jackals
  8 kobolds
  4 quokkas
  4 ball pythons
  A frilled lizard (D:1)
  2 hobgoblin zombies (D:8)
  A kobold zombie (D:8)
  An orc zombie (D:8)
  4 rats
  A starspawn tentacle (Shoals:4)
  3 tentacles
1032 creatures vanquished.

Vanquished Creatures (others)
  Bai Suzhen (Shoals:3)
  A merfolk aquamancer (Shoals:4)
  A manticore (Shoals:3)
  A merfolk (Shoals:2)
  A water moccasin (Lair:2)
  54 fungi
  121 plants
  2 starspawn tentacles (Shoals:4)
  11 tentacles
193 creatures vanquished.

Grand Total: 1225 creatures vanquished

Notes
Turn   | Place    | Note
-------+----------+-------------------------------------------
     0 | Abyss:1  | Antichthon the Formicid Abyssal Knight began the quest for
                  | the Orb.
     0 | Abyss:1  | Reached XP level 1. HP: 18/18 MP: 2/2
    17 | D:1      | Escaped the Abyss
   166 | D:1      | Reached skill level 1 in Crossbows
   211 | D:1      | Reached XP level 2. HP: 18/24 MP: 3/3
   459 | D:1      | Found a faded altar of an unknown god.
   687 | D:2      | Reached XP level 3. HP: 25/29 MP: 4/4
  1052 | D:2      | Reached *** piety under Lugonu
  1241 | D:2      | Reached XP level 4. HP: 35/35 MP: 5/5
  1312 | D:2      | Found Nefugg's Distillery.
  1353 | D:2      | Found a runed translucent door.
  1354 | D:2      | Noticed Crazy Yiuf
  1674 | D:3      | Identified the +6 scale mail of Past Mistakes {Will+ Regen+
                  | Int+3}
  1911 | D:3      | Noticed a wight
  1965 | D:2      | Reached XP level 5. HP: 41/41 MP: 6/6
  2059 | D:4      | Reached skill level 1 in Dodging
  2086 | D:4      | Identified the ring "Jafiar" {Fly Str+2}
  2114 | D:4      | Found Ablalliss's Weapon Boutique.
  2118 | D:4      | Found Loowasche's Distillery.
  2118 | D:4      | Found Tyusov's Weapon Shoppe.
  2119 | D:4      | Found Xygofyni's Assorted Antiques.
  2119 | D:4      | Found Deutum's Assorted Antiques.
  2155 | D:4      | Bought a scroll labelled ACZEKUUTELE for 28 gold pieces
  2157 | D:4      | Bought a +0 hand crossbow for 49 gold pieces
  2162 | D:4      | Bought a scroll labelled GIV CISALIUPO for 24 gold pieces
  2255 | D:3      | Reached skill level 1 in Stealth
  2380 | D:3      | Reached XP level 6. HP: 38/48 MP: 7/7
  2409 | D:4      | Reached skill level 4 in Fighting
  2524 | D:4      | Reached skill level 1 in Shields
  2560 | D:4      | Reached skill level 1 in Evocations
  2597 | D:4      | Noticed a black bear
  2609 | D:4      | Killed a black bear
  2610 | D:4      | Reached XP level 7. HP: 48/55 MP: 9/9
  2644 | D:4      | Reached skill level 1 in Long Blades
  3296 | D:3      | Found a shimmering altar of Xom.
  3461 | D:2      | Bought a potion of mutation for 96 gold pieces
  3461 | D:2      | Gained mutation: You expend magic power (3 MP) to
                  | strengthen your wands. [potion of mutation]
  3461 | D:2      | Gained mutation: You occasionally shout uncontrollably at
                  | your foes. [potion of mutation]
  3461 | D:2      | Gained mutation: You have sharp toenails. [potion of
                  | mutation]
  3627 | D:3      | Reached **** piety under Lugonu
  3669 | D:3      | Reached XP level 8. HP: 59/61 MP: 10/10
  3920 | D:3      | Reached skill level 5 in Fighting
  4103 | D:3      | Reached skill level 5 in Crossbows
  4277 | D:5      | Entered Level 5 of the Dungeon
  4277 | D:5      | Noticed Eustachio
  4325 | D:5      | Found a staircase to the Ecumenical Temple.
  4457 | D:5      | Reached XP level 9. HP: 63/68 MP: 11/11
  4579 | D:5      | Reached skill level 5 in Long Blades
  4917 | D:5      | Reached ***** piety under Lugonu
  4980 | D:6      | Found a transporter.
  4989 | D:6      | Noticed jlumianski's ghost (weakling DsFi)
  5013 | D:6      | Reached XP level 10. HP: 76/76 MP: 13/13
  5030 | D:6      | Identified the +8 ring mail of the Disturbing Spirits
                  | {rElec Will++}
  5050 | D:6      | Found a transporter.
  5083 | D:6      | Noticed Duvessa
  5093 | D:6      | Killed Duvessa
  5132 | D:6      | Identified the +6 ring mail of Jiopubau {Drain +Blink rElec
                  | Str+3}
  5265 | D:6      | Reached skill level 5 in Invocations
  5274 | D:6      | Reached skill level 6 in Fighting
  5309 | D:6      | Noticed Prince Ribbit
  5315 | D:6      | Killed Prince Ribbit
  5610 | D:6      | Noticed Dowan
  5788 | D:6      | Killed Dowan
  5850 | D:7      | Found Utauxuy's Magic Scroll Shop.
  5863 | D:7      | Reached skill level 5 in Stealth
  5952 | D:7      | Reached skill level 5 in Armour
  5989 | D:7      | Reached skill level 5 in Shields
  6670 | D:7      | Found a broken altar of Ashenzari.
  6670 | D:7      | Found a glowing golden altar of the Shining One.
  7177 | D:8      | Reached XP level 11. HP: 76/83 MP: 15/15
  7690 | D:8      | Found a staircase to the Lair.
  8058 | D:5      | Killed Eustachio
  8117 | D:2      | Killed Crazy Yiuf
  8285 | D:9      | Noticed an orange crystal statue
  8312 | D:9      | Found a flagged portal.
  8329 | Bailey   | Entered a bailey
  8850 | Bailey   | Noticed an orc knight
  8992 | Bailey   | Killed an orc knight
  8993 | Bailey   | Reached skill level 7 in Fighting
  8993 | Bailey   | Reached skill level 5 in Evocations
  9439 | D:9      | Found Xidof's Antique Armour Emporium.
  9788 | D:9      | Reached ****** piety under Lugonu
  9797 | D:9      | Noticed Psyche
  9800 | D:9      | Killed Psyche
  9801 | D:9      | Noticed Harold
  9809 | D:9      | Killed Harold
 10521 | D:9      | Found an ornate altar of the Wu Jian Council.
 10806 | D:10     | Entered Level 10 of the Dungeon
 10814 | D:10     | Found Laimelepe's Weapon Shoppe.
 10816 | D:10     | Found Cerusaze's Weapon Shoppe.
 10828 | D:10     | Noticed a two-headed ogre
 10836 | D:10     | Killed a two-headed ogre
 10986 | D:10     | Identified 3 scrolls of acquirement
 10986 | D:10     | Acquired the +9 executioner's axe of Wakkiplas {freeze,
                  | rN+}
 11093 | D:10     | Acquired the ring "Zougyus" {Fly rF+ rC+ Str-3 SInv}
 11100 | D:10     | Acquired the amulet "Fyiwuw" {Reflect rF+ Int+3 SH+5}
 11371 | D:10     | Found Laisun's Assorted Antiques.
 11491 | Lair:1   | Entered Level 1 of the Lair of Beasts
 11498 | Lair:1   | Reached XP level 12. HP: 91/91 MP: 16/16
 11577 | Lair:1   | Noticed a seven-headed hydra
 11715 | D:11     | Noticed a two-headed ogre
 11721 | D:11     | Killed a two-headed ogre
 12031 | D:11     | Reached skill level 8 in Fighting
 12346 | D:11     | Reached skill level 5 in Dodging
 12734 | D:12     | Noticed a boulder beetle
 12734 | D:12     | Found a basalt altar of Yredelemnul.
 13101 | D:12     | Found a frozen archway.
 13105 | IceCv    | Entered an ice cave
 14582 | IceCv    | Reached skill level 5 in Axes
 14714 | IceCv    | Noticed a reaper
 14781 | D:12     | Reached XP level 13. HP: 45/100 MP: 18/18
 15183 | D:12     | Reached skill level 9 in Fighting
 15209 | D:12     | Killed a boulder beetle
 15542 | D:12     | Lost mutation: You expend magic power (3 MP) to strengthen
                  | your wands. [potion of mutation]
 15542 | D:12     | Lost mutation: You occasionally shout uncontrollably at
                  | your foes. [potion of mutation]
 15542 | D:12     | Gained mutation: Your body sometimes deteriorates upon
                  | taking damage. [potion of mutation]
 16017 | D:12     | Found a staircase to the Orcish Mines.
 16330 | D:4      | Bought a runed morningstar for 196 gold pieces
 16569 | Lair:1   | Noticed a five-headed hydra
 16575 | Lair:1   | Killed a five-headed hydra
 16603 | Lair:1   | Killed a seven-headed hydra
 17556 | Lair:2   | Noticed a five-headed hydra
 17578 | Lair:2   | Noticed a boulder beetle
 17586 | Lair:1   | Killed a boulder beetle
 17594 | Lair:2   | Noticed Sonja
 17602 | Lair:1   | Killed Sonja
 17603 | Lair:1   | Reached skill level 10 in Fighting
 17848 | Lair:2   | Killed a five-headed hydra
 18057 | Lair:2   | Noticed Erica
 18065 | Lair:2   | Killed Erica
 18299 | Lair:2   | Reached XP level 14. HP: 79/110 MP: 20/20
 19159 | Lair:2   | Lost mutation: Your body sometimes deteriorates upon taking
                  | damage. [potion of mutation]
 19159 | Lair:2   | Lost mutation: You have sharp toenails. [potion of
                  | mutation]
 19159 | Lair:2   | Gained mutation: You passively map a small area around you.
                  | [potion of mutation]
 19532 | Lair:3   | Found a staircase to the Snake Pit.
 19966 | Lair:3   | Reached skill level 10 in Shields
 20516 | Lair:4   | Acquired the ring of Dirchom {rPois rF+ Will- Str+3 Int+6}
 21708 | Lair:3   | Reached skill level 11 in Fighting
 22620 | Lair:4   | Reached skill level 10 in Crossbows
 22786 | Lair:4   | Found a staircase to the Shoals.
 23464 | Lair:5   | Reached XP level 15. HP: 107/119 MP: 21/21
 23772 | Lair:5   | Found a staircase to the Slime Pits.
 24411 | Lair:5   | Found a snail-covered altar of Cheibriados.
 24674 | Lair:6   | Entered Level 6 of the Lair of Beasts
 24697 | Lair:6   | Reached skill level 10 in Stealth
 24928 | Lair:6   | Reached skill level 12 in Fighting
 26821 | Lair:6   | Reached skill level 10 in Axes
 27437 | D:7      | Bought a scroll of acquirement for 728 gold pieces
 27437 | D:7      | Acquired 1136 gold pieces
 27507 | D:9      | Bought a pair of scorched gloves for 304 gold pieces
 27507 | D:9      | Identified the +0 pair of gloves "Fialu" {rF+} (You bought
                  | it in a shop on level 9 of the Dungeon)
 27508 | D:9      | Bought a crude scale mail for 288 gold pieces
 27508 | D:9      | Identified the +1 scale mail of the Gusle {Harm *Slow
                  | Will++ Slay+3} (You bought it in a shop on level 9 of the
                  | Dungeon)
 27508 | D:9      | Bought a transparent scale mail for 288 gold pieces
 27508 | D:9      | Identified the +0 scale mail of Valynux {*Slow rC+++ Int+6}
                  | (You bought it in a shop on level 9 of the Dungeon)
 27508 | D:9      | Bought a shiny tower shield for 240 gold pieces
 28185 | Lair:6   | Reached XP level 16. HP: 118/129 MP: 23/23
 29011 | D:6      | Killed jlumianski's ghost
 29402 | Orc:1    | Entered Level 1 of the Orcish Mines
 29402 | Orc:1    | Noticed Jorgrun
 29411 | Orc:1    | Killed Jorgrun
 29490 | Orc:1    | Found a transporter.
 29541 | Orc:1    | Found Hyqaph's Magic Scroll Shoppe.
 29619 | Orc:1    | Found a transporter.
 29673 | Orc:1    | Noticed Lepuefeh's ghost (journeyman MiBe)
 30324 | Orc:2    | Entered Level 2 of the Orcish Mines
 31773 | Orc:2    | Found Maibesk's Antique Weapon Shop.
 31787 | Orc:2    | Bought a steaming halberd for 297 gold pieces
 31787 | Orc:2    | Identified the +9 halberd "Doefepp" {vorpal, rC- Will+ MP+9
                  | Dex+3} (You bought it in a shop on level 2 of the Orcish
                  | Mines)
 32114 | Orc:2    | Found Iwoy's Jewellery Boutique.
 32119 | Orc:2    | Reached skill level 13 in Fighting
 32410 | Orc:2    | Found a staircase to the Elven Halls.
 32585 | Orc:2    | Reached skill level 10 in Invocations
 32977 | Orc:2    | Noticed Saint Roka
 34505 | D:13     | Found a gate to the Vaults.
 35385 | D:14     | Got the Collected Works on Conjuration
 35738 | D:14     | Noticed Snorg
 35866 | D:14     | Killed Snorg
 36163 | Snake:1  | Entered Level 1 of the Snake Pit
 36165 | Snake:1  | Noticed Asterion
 36167 | Snake:1  | Noticed an Executioner
 36349 | Shoals:1 | Entered Level 1 of the Shoals
 36693 | Shoals:1 | Reached XP level 17. HP: 73/137 MP: 24/24
 37406 | Shoals:1 | Noticed a kraken
 37457 | Shoals:1 | Killed a kraken
 38734 | Shoals:2 | Reached skill level 14 in Fighting
 39563 | Shoals:2 | Noticed a kraken
 39577 | Shoals:2 | Killed a kraken
 39578 | Shoals:2 | Reached skill level 10 in Armour
 40212 | Shoals:3 | Noticed Aizul
 40237 | Shoals:3 | Killed Aizul
 40744 | Shoals:3 | Noticed Ilsuiw
 40761 | Shoals:3 | Found Inleibonn's Weapon Boutique.
 41054 | Shoals:3 | Escaped the Abyss
 41610 | Shoals:3 | Killed Ilsuiw
 42689 | Shoals:3 | Reached skill level 10 in Evocations
 43497 | Shoals:4 | Entered Level 4 of the Shoals
 43499 | Shoals:4 | Noticed Mlioglotl
 43501 | Shoals:4 | Noticed a tentacled starspawn
 43670 | Shoals:4 | Escaped the Abyss
 43673 | Shoals:4 | Noticed Kirke
 44196 | Shoals:4 | Identified the ring "Kusyl" {+Blink Will- MP+9 Str+5
                  | Stlth+}
 44231 | Shoals:4 | Reached XP level 18. HP: 147/147 MP: 26/26
 45434 | Shoals:4 | Got a barnacled rune of Zot
 45592 | Shoals:4 | Killed Kirke
 45873 | Shoals:4 | Got the Guide on Poisoning
 45983 | Shoals:4 | Found the +4 dagger "Morg" {pain, Will+ Int+5}
 46063 | Shoals:4 | Found a runed translucent door.
 46069 | Shoals:4 | Identified the +5 eveningstar of Hig Omas {flame, rElec}
 46098 | Shoals:4 | Noticed Bai Suzhen
 46157 | Shoals:3 | Killed Mlioglotl
 46628 | Shoals:3 | Killed Bai Suzhen
 46783 | Shoals:4 | Noticed Polyphemus
 47089 | Shoals:4 | Killed Polyphemus
 47090 | Shoals:4 | Reached skill level 15 in Fighting
 48527 | Snake:1  | Noticed an Executioner
 48534 | Lair:3   | Noticed an Executioner
 48538 | Lair:3   | Slain by an Executioner

Illustrated notes

Levels and vault maps discovered:
D:1:      evilmike_arrival_home_sweet_home, layout_rooms,
          dilly_ecumenical_altar_fadedgnrine, bh_walls_and_bars
D:2:      layout_loops_ring, serial_shops, nicolae_shop_behind_doors,
          uniq_crazy_yiuf_cottage
D:3:      lemuel_castle_with_subvaults [lemuel_castle_interior_carwin_1],
          layout_rooms, tgw_xom, chequers_avenue
D:4:      layout_loops_ring, nicolae_wooded_promenade, minmay_increasing_density
D:5:      layout_basic, minmay_temple_entry_grid, hex_large, uniq_eustachio
D:6:      minmay_angry_zag, layout_loops_cross, gammafunk_ghost_gnarly_gnolls,
          uniq_duvessa, uniq_prince_ribbit1
D:7:      layout_loops_ring, gammafunk_temple_overflow_wave, serial_shops, shop,
          nicolae_benzene_ring
D:8:      layout_basic, grunt_lair_entry_orc_guard_hut, corexii_hall_statues_u,
          minmay_mini_ossuary
D:9:      layout_layer_cave, nicolae_wu_jian_immortal_techniques, serial_shops,
          nicolae_shop_statue_plus, enter_bailey_5, minivault_16, uniq_psyche,
          uniq_harold
D:10:     layout_roguey, serial_shops,
          nicolae_shop_temple_entry_statues_fountains, nicolae_shop_crystal,
          nicolae_shop_trees, eino_jars
D:11:     layout_basic
D:12:     layout_layer_cave, erik_orc_1, portal_ice_cave_entry_pillars_2,
          yredelemnul_altar_generic
D:13:     layout_basic, hangedman_vaults_entry_quadrant_bands
D:14:     layout_big_octagon, dreamdust_mushroom_princess, uniq_snorg
Lair:1:   layout_cave_pods
Lair:2:   layout_cave_pods, grunt_megastairs_1, serial_bayou_shore_a,
          lemuel_fruit_fields, infiniplex_staircase_pool, uniq_sonja, uniq_erica
Lair:3:   layout_cave_pods, minmay_snake_entry_guardpost_small,
          kennysheep_rathole, grunt_megastairs_3
Lair:4:   regret_index_wax_grids, layout_long_grid, elwin_shoals_entry_rooms
Lair:5:   layout_roguey, minmay_slime_entry_oklob_open, kennysheep_snail_temple
Lair:6:   hangedman_lair_in_review, layout_regular_city,
          guppyfry_lair_end_dragon, kennysheep_basilisk_garden
Shoals:1: layout_shoals
Shoals:2: layout_shoals
Shoals:3: layout_shoals, nicolae_stop_n_shop_1, nicolae_shoals_cliffside_cave,
          uniq_ilsuiw, uniq_aizul
Shoals:4: shoals_end_simple, layout_shoals, lightli_airlock, uniq_kirke,
          uniq_polyphemus, uniq_bai_suzhen, uniq_mlioglotl
Snake:1:  layout_misc_corridors, nicolae_snake_shapes, lemuel_fruit_tree,
          uniq_asterion, uniq_donald
Orc:1:    hellmonk_paralyzer, layout_diamond_mine, serial_shops,
          nicolae_shop_hallway_stairs, gammafunk_ghost_arena, uniq_jorgrun
Orc:2:    grunt_orc_community_town_hall, layout_caves,
          grunt_orc_community_big_house_1, grunt_orc_community_big_house_2,
          grunt_orc_community_house_3, grunt_orc_community_house_1,
          grunt_orc_community_house_1, grunt_orc_community_house_1,
          grunt_orc_community_house_3, grunt_orc_community_house_1

Skill      XL: |  1  2  3  4  5  6  7  8  9 10 11 12 13 14 15 16 17 18 |
---------------+-------------------------------------------------------+-----
Crossbows      | 1 2 3 4 5 6 7 8 9 10 11 12 | 12.4
Dodging        | 1 2 3 4 5 6 7 8 |  8.6
Stealth        | 1 2 3 4 5 6 7 8 9 10 11 12 | 12.4
Fighting       | 4 5 6 7 8 10 11 12 13 14 15 | 15.1
Shields        | 1 2 3 4 5 6 8 9 11 12 13 14 | 14.1
Evocations     | 1 2 3 4 5 6 7 8 9 10 | 10.6
Armour         | 3 4 5 6 7 8 9 10 | 10.7
Long Blades    | 1 3 5 7 8 |  8.0
Invocations    | 3 4 5 6 7 8 9 10 11 | 11.4
Axes           | 5 6 8 10 11 12 13 | 13.5

Action                   |  1- 3 |  4- 6 |  7- 9 | 10-12 | 13-15 | 16-18 || total
-------------------------+-------+-------+-------+-------+-------+-------++-------
Melee: Hand axe          |    80 |   132 |    73 |       |       |       ||   285
       Great sword       |       |       |   186 |   269 |       |       ||   455
       Kick              |       |       |    56 |    76 |       |       ||   132
       Executioner's axe |       |       |       |   136 |   436 |   811 ||  1383
       Morningstar       |       |       |       |       |    56 |     8 ||    64
 Fire: Hand crossbow     |       |    18 |   105 |   118 |       |       ||   241
       Arbalest          |       |       |       |    87 |       |       ||    87
       Triple crossbow   |       |       |       |   115 |   414 |   459 ||   988
Invok: Bend Space        |       |       |       |     2 |     2 |     9 ||    13
       Depart the Abyss  |       |       |       |       |       |     2 ||     2
       Enter the Abyss   |       |       |       |       |       |     2 ||     2
       Banish            |       |       |       |       |       |     1 ||     1
 Abil: Dig               |       |       |       |       |       |     5 ||     5
Evoke: Wand              |       |       |       |       |       |     1 ||     1
  Use: Scroll            |       |    10 |     7 |    21 |     5 |     2 ||    45
       Potion            |       |     1 |     1 |     4 |     3 |     8 ||    17
 Stab: Sleeping          |     1 |       |       |     2 |     3 |     7 ||    13
       Distracted        |       |       |       |     1 |       |       ||     1
       Petrifying        |       |       |       |       |     1 |       ||     1
       Petrified         |       |       |       |       |     1 |       ||     1
Armor: Leather armour    |    15 |     8 |       |       |       |       ||    23
       Scale mail        |       |    66 |   153 |   142 |       |       ||   361
       Ring mail         |       |       |       |   109 |   414 |   340 ||   863
Dodge: Dodged            |    43 |    75 |   131 |   226 |   342 |   382 ||  1199
Block: Kite shield       |       |    43 |   108 |       |       |       ||   151
       Tower shield      |       |       |    50 |   601 |  1028 |  1460 ||  3139
       Reflection        |       |       |       |     8 |    15 |   129 ||   152

Table legend: (Time is in decaauts)
 A = Elapsed time spent in this place.
 B = Non-inter-level travel time spent in this place.
 C = Inter-level travel time spent in this place.
 D = Time resting spent in this place.
 E = Time spent auto-exploring this place.
 F = Levels seen in this place.
 G = Mean time per level.
                   A        B        C        D        E       F      G
               +--------+--------+--------+--------+--------+-----+--------+
         Total |  50931 |  47500 |   3431 |  14741 |  18631 |  32 | 1591.6 |
       Dungeon |  17677 |  15598 |   2079 |   1534 |   9030 |  14 | 1262.6 |
          Lair |  13539 |  12647 |    892 |   4272 |   4850 |   6 | 2256.5 |
        Shoals |  11974 |  11768 |    206 |   5648 |   3388 |   4 | 2993.5 |
     Snake Pit |     20 |     20 |      0 |      0 |      0 |   1 |   20.0 |
  Orcish Mines |   4465 |   4213 |    252 |   1706 |   1097 |   2 | 2232.5 |
         Abyss |    456 |    456 |      0 |    346 |      7 |   3 |  152.0 |
        Bailey |   1027 |   1027 |      0 |    118 |    181 |   1 | 1027.0 |
      Ice Cave |   1769 |   1769 |      0 |   1117 |     78 |   1 | 1769.0 |
               +--------+--------+--------+--------+--------+-----+--------+

Top non-repeatable levels by time:
Shoals:3: 4218 daAuts
Shoals:4: 2821 daAuts
   Orc:1: 2745 daAuts
  Lair:6: 2740 daAuts
Shoals:2: 2644 daAuts
  Lair:3: 2428 daAuts
  Lair:5: 2422 daAuts
Shoals:1: 2290 daAuts
  Lair:4: 2079 daAuts
  Lair:2: 1934 daAuts
  Lair:1: 1934 daAuts
    D:13: 1830 daAuts
     D:8: 1825 daAuts
   IceCv: 1769 daAuts
   Orc:2: 1720 daAuts
